 Dungeon Crawl Stone Soup version 0.25-a0-942-g87a53962fc (webtiles) character file.

Game seed: 198195785094442602, levelgen mode: deterministic

36222 mortelune the Archer (level 13, -2/116 (117) HPs)
             Began as a Centaur Fighter on May 8, 2020.
             Was a High Priest of Okawaru.
             Slain by a black mamba (14 damage)
             ... on level 6 of the Lair of Beasts.
             The game lasted 00:38:23 (18890 turns).

mortelune the Archer (Centaur Fighter)             Turns: 18890, Time: 00:38:23

HP:   -2/116 (117)  AC: 20    Str: 24    XL:     13   Next: 51%
MP:   18/19         EV:  4    Int:  7    God:    Okawaru [*****.]
Gold: 1530          SH:  0    Dex:  7    Spells: 12/12 levels left

rFire    + . .     SeeInvis .   b - +0 shortbow
rCold    + + +     Gourm    .   (shield currently unavailable)
rNeg     + . .     Faith    .   W - +3 chain mail of the Wumpus {+Fly}
rPois    .         Spirit   .   V - +1 hat
rElec    .         Reflect  .   h - +0 cloak
rCorr    +         Harm     .   X - +0 pair of gloves "Jytann" {rC++ MR+ rCorr Dex-2}
MR       +....                  P - +1 centaur barding {rC+}
Stlth    ..........             R - amulet of regeneration
HPRegen  0.69/turn              N - ring of positive energy
MPRegen  0.16/turn              F - ring of protection from fire

@: lethally poisoned (-2 -> -20), sleeping, finesse, lightly drained, very quick
A: large, hooves 3, deformed body, speed 2, tough skin 3
a: Heroism, Finesse, Renounce Religion, Evoke Flight


You were on level 6 of the Lair of Beasts.
You worshipped Okawaru.
Okawaru was extremely pleased with you.
You were not hungry.

You visited 3 branches of the dungeon, and saw 18 of its levels.
You also visited: Sewer.

You collected 2059 gold pieces.
You spent 529 gold pieces at shops.

Inventory:

Hand Weapons
 a - the +9 quarterstaff "Leazaliw" {protect, MR++}
   (You found it on level 7 of the Dungeon)

   It grants its wielder temporary protection when it strikes (+7 to AC).
   It affects your resistance to hostile enchantments.
 b - a +0 shortbow (weapon)
Missiles
 g - 5 datura-tipped darts
 Q - 170 arrows (quivered)
Armour
 h - a +0 cloak (worn)
 P - a +1 centaur barding of cold resistance (worn)
 S - the +1 chain mail of Voph {rN+ Int+4 Dex+4}
   (You found it on level 10 of the Dungeon)

   It affects your intelligence (+4).
   It affects your dexterity (+4).
   It protects you from negative energy.
 U - +0 acid dragon scales
 V - a +1 hat (worn)
 W - the +3 chain mail of the Wumpus (worn) {+Fly}
   (Okawaru gifted it to you on level 2 of the Lair of Beasts)

   It lets you fly.
 X - the +0 pair of gloves "Jytann" (worn) {rC++ MR+ rCorr Dex-2}
   (You bought it in a shop on level 8 of the Dungeon)

   It affects your dexterity (-2).
   It greatly protects you from cold.
   It affects your resistance to hostile enchantments.
   It provides partial protection from all sources of acid and corrosion.
Jewellery
 F - a ring of protection from fire (right hand)
 H - the ring "Nueraps" {rElec rN+ MR- MP+9}
   (You found it on level 1 of the Lair of Beasts)

   [ring of positive energy]

   It insulates you from electricity.
   It protects you from negative energy.
   It affects your resistance to hostile enchantments.
   It affects your magic capacity (+9).
 I - an uncursed ring of protection from cold
 N - a ring of positive energy (left hand)
 R - an amulet of regeneration (around neck)
Wands
 d - a wand of disintegration (3)
 o - a wand of paralysis (7)
 u - a wand of polymorph (13)
 E - a wand of flame (19)
 G - a wand of enslavement (12)
 O - a wand of clouds (5)
 T - a wand of iceblast (11)
Scrolls
 e - a scroll of fear
 i - 3 scrolls of identify
 k - 2 scrolls of acquirement
 n - 5 scrolls of remove curse
 p - 4 scrolls of magic mapping
 r - 3 scrolls of enchant weapon
 t - 9 scrolls of teleportation
 y - 4 scrolls of fog
 z - 3 scrolls of amnesia
 A - 3 scrolls of immolation
 B - 3 scrolls of blinking
 D - 2 scrolls of silence
 Y - a scroll of vulnerability
Potions
 c - a potion of invisibility
 j - 3 potions of might
 l - a potion of flight
 q - 7 potions of heal wounds
 s - 2 potions of brilliance
 x - 6 potions of curing
 K - 2 potions of stabbing
 L - a potion of haste
Comestibles
 f - 31 rations


   Skills:
 + Level 11.8(11.5) Fighting
   Level 9.4(11.3) Polearms
 * Level 11.2(12.2) Staves
 + Level 12.7(12.4) Bows
 + Level 4.2(3.9) Armour
   Level 2.1(1.9) Shields
 - Level 8.0(7.7) Invocations


You had 12 spell levels left.
You didn't know any spells.
Your spell library contained the following spells:

 Spells                   Type           Power        Failure   Level  Hunger
 Animate Skeleton         Necr           N/A          97%         1    ##.....
 Apportation              Tloc           #.....       97%         1    ##.....
 Beastly Appendage        Tmut           #.....       97%         1    ##.....
 Corona                   Hex            #......      97%         1    ##.....
 Magic Dart               Conj           #...         97%         1    ##.....
 Pain                     Necr           #...         97%         1    ##.....
 Summon Small Mammal      Summ           #...         97%         1    ##.....
 Blink                    Tloc           N/A          99%         2    ###....
 Call Imp                 Summ           #.......     99%         2    ###....
 Ensorcelled Hibernation  Hex/Ice        #.....       99%         2    ###....
 Slow                     Hex            #.......     99%         2    ###....
 Sticks to Snakes         Tmut           #.......     99%         2    ###....
 Confusing Touch          Hex            #.......     100%        3    ####...
 Conjure Flame            Conj/Fire      #.......     100%        3    ####...
 Dazzling Flash           Conj/Hex       #.....       100%        3    ####...
 Mephitic Cloud           Conj/Pois/Air  #.......     100%        3    ####...
 Spider Form              Tmut/Pois      #.........   100%        3    ####...
 Tukima's Dance           Hex            #.......     100%        3    ####...
 Vampiric Draining        Necr           #.........   100%        3    ####...
 Animate Dead             Necr           N/A          100%        4    #####..
 Ice Form                 Ice/Tmut       #.......     100%        4    #####..
 Agony                    Necr           #.......     100%        5    ######.
 Blade Hands              Tmut           #.........   100%        5    ######.


Dungeon Overview and Level Annotations

Branches:
Dungeon (11/15)            Temple (1/1) D:5            Lair (6/6) D:9
  Swamp (0/4) Lair:2        Snake (0/4) Lair:2        Slime (0/5) Lair:5
  Sewer (visited)
    Orc: D:9-12

Altars:
Ashenzari
Cheibriados
Dithmenos
Elyvilon
Fedhas
Gozag
Kikubaaqudgha
Makhleb
Nemelex Xobeh
Okawaru
Sif Muna
Trog
Wu Jian
Xom
Yredelemnul
Zin
Jiyva

Shops:
D:6 *?:   D:8 [

Annotations:
D:8 3 runed translucent doors, zenki's ghost, novice VSFi
Lair:3 2 transporters, Yheilu's ghost, journeyman OpCj
Lair:5 1 runed translucent door


Innate Abilities, Weirdness & Mutations

You have hooves in place of feet.
Armour fits poorly on your strangely shaped body.
You cover ground very quickly.
You have extremely tough skin. (AC +3)


Message History

A dream sheep comes into view.
The dream sheep bleats!
A dream sheep comes into view.
The dream sheep bleats!
A dream sheep comes into view.
The dream sheep bleats!
A black mamba comes into view.
The black mamba hisses angrily.
The black mamba bites you.
* * * LOW HITPOINT WARNING * * *
You are lethally poisoned!
The black mamba poisons you!
A dream sheep comes into view. x2
You are overwhelmed by glittering dream dust!
You feel drowsy...
You fall asleep.
Found a ration.
* * * LOW HITPOINT WARNING * * *
You feel very sick. The black mamba bites you!
You die...

.
##....Y.%......
.
#......Y.......
...
#...YY....#....
...
......Y........
...
#......Y.....#
...
.............##
...
.......S......#
...
.......@.....#
P..
........#......
... .......#.
#.... ...
....... ## ...
... ....... .
... ....... ###
....... #
.......


You could see a black mamba and 6 dream sheep.

Vanquished Creatures
  Josephine (Lair:6)
  9 hydras
  A centaur warrior (D:9)
  Urug (Lair:1)
  6 black mambas
  A gargoyle (D:10)
  Maggie (D:7)
  10 spiny frogs
  A rime drake (Lair:5)
  6 komodo dragons
  A troll (D:9)
  A merfolk (D:9)
  2 polar bears
  3 hornets
  6 dream sheep (Lair:5)
  3 blink frogs (Lair:6)
  7 hippogriffs
  14 yaks
  7 wyverns
  5 wraiths (Lair:6)
  4 basilisks
  16 water moccasins
  12 porcupines
  5 sky beasts
  5 ice beasts
  4 orc warriors
  2 necrophages
  2 phantoms
  20 wolves
  A hornet zombie (D:10)
  2 black bears
  7 ogres
  4 centaurs
  16 crocodiles
  19 bullfrogs
  3 big kobolds
  5 scorpions
  3 killer bees (D:9)
  An electric eel (Lair:2)
  2 crimson imps
  4 howler monkeys
  A centaur zombie (D:6)
  4 jellies
  A quasit (D:6)
  2 bullfrog skeletons
  7 hounds
  11 orc priests
  4 iguanas
  11 worker ants
  5 orc wizards
  A hound zombie (D:9)
  2 hound skeletons
  A worker ant zombie (D:8)
  Robin (D:2)
  7 gnolls
  24 adders
  5 oozes (Sewer)
  An adder zombie (D:7)
  2 adder skeletons
  3 worms
  3 dart slugs
  21 leopard geckos
  29 orcs
  12 ball pythons (Sewer)
  4 bats
  18 giant cockroaches
  14 goblins
  10 hobgoblins
  11 jackals
  15 kobolds
  7 quokkas
  12 frilled lizards
  A leopard gecko zombie (D:8)
  8 rats
481 creatures vanquished.

Vanquished Creatures (others)
  A bush (Lair:5)
  14 fungi (Lair:6)
  9 plants
24 creatures vanquished.

Grand Total: 505 creatures vanquished

Notes
Turn   | Place    | Note
-------+----------+-------------------------------------------
     0 | D:1      | mortelune the Centaur Fighter began the quest for the Orb.
     0 | D:1      | Reached XP level 1. HP: 19/19 MP: 1/1
   363 | D:1      | Reached XP level 2. HP: 26/26 MP: 2/2
   984 | D:2      | Noticed Robin
   997 | D:1      | Reached XP level 3. HP: 19/31 MP: 3/3
  1841 | D:2      | Killed Robin
  1841 | D:2      | Reached XP level 4. HP: 18/40 MP: 4/4
  2264 | D:3      | Found a sparkling altar of Nemelex Xobeh.
  2489 | D:3      | Noticed a necrophage
  2498 | D:3      | Killed a necrophage
  2498 | D:3      | Reached XP level 5. HP: 47/47 MP: 5/5
  3007 | D:3      | Found an iron altar of Okawaru.
  3069 | D:3      | Noticed a black bear
  3075 | D:3      | Killed a black bear
  3075 | D:3      | Reached skill level 5 in Polearms
  3075 | D:3      | Reached XP level 6. HP: 53/53 MP: 6/6
  3095 | D:3      | Found a snail-covered altar of Cheibriados.
  3173 | D:3      | Became a worshipper of Warmaster Okawaru
  3459 | D:4      | Found a glowing drain.
  3463 | Sewer    | Entered a sewer
  4137 | Sewer    | Reached skill level 5 in Fighting
  4278 | Sewer    | Reached XP level 7. HP: 29/61 MP: 7/7
  4772 | D:4      | Reached * piety under Okawaru
  4912 | D:4      | Found a shadowy altar of Dithmenos.
  4956 | D:4      | Found a bloodstained altar of Trog.
  5479 | D:5      | Entered Level 5 of the Dungeon
  5479 | D:5      | Found a glowing silver altar of Zin.
  5520 | D:5      | Reached XP level 8. HP: 69/70 MP: 8/8
  5753 | D:5      | Found a staircase to the Ecumenical Temple.
  5838 | D:5      | Reached skill level 1 in Bows
  5986 | D:5      | Found a shattered altar of Ashenzari.
  6216 | D:5      | Found a burning altar of Makhleb.
  6223 | D:5      | Noticed a cacodemon
  6227 | D:5      | Noticed a smoke demon
  6250 | Temple   | Entered the Ecumenical Temple
  6299 | D:6      | Reached skill level 2 in Bows
  6421 | D:6      | Reached ** piety under Okawaru
  6429 | D:6      | Reached skill level 3 in Bows
  6581 | D:6      | Reached XP level 9. HP: 79/79 MP: 9/9
  6608 | D:6      | Found Qenej's Magic Scroll Shoppe.
  6620 | D:6      | Bought a scroll of silence for 97 gold pieces
  6620 | D:6      | Bought 3 scrolls of magic mapping for 136 gold pieces
  6620 | D:6      | Bought a scroll of identify for 26 gold pieces
  6620 | D:6      | Bought a scroll of fog for 26 gold pieces
  6620 | D:6      | Bought a scroll of identify for 26 gold pieces
  6654 | D:6      | Reached skill level 4 in Bows
  6894 | D:6      | Found Huis's Assorted Antiques.
  6952 | D:6      | Found Hitaorot's Book Shop.
  7463 | D:6      | Reached *** piety under Okawaru
  7743 | D:7      | Reached skill level 5 in Bows
  7817 | D:7      | Got a dazzling quarterstaff
  7818 | D:7      | Identified the +9 quarterstaff "Leazaliw" {protect, MR++}
                  | (You found it on level 7 of the Dungeon)
  7824 | D:7      | Found an opulent altar of Gozag.
  7831 | D:7      | Found a shimmering altar of Xom.
  7834 | D:7      | Found a white marble altar of Elyvilon.
  7835 | D:7      | Found a shimmering blue altar of Sif Muna.
  7935 | D:7      | Found a blossoming altar of Fedhas.
  7973 | D:7      | Reached skill level 1 in Staves
  8313 | D:7      | Reached skill level 6 in Bows
  8360 | D:7      | Noticed Maggie
  8373 | D:7      | Killed Maggie
  8373 | D:7      | Reached **** piety under Okawaru
  8623 | D:8      | Reached skill level 7 in Bows
  8623 | D:8      | Reached XP level 10. HP: 87/90 MP: 10/10
  8983 | D:8      | Found a runed translucent gate.
  8983 | D:8      | Found a runed translucent gate.
  8983 | D:8      | Found a runed translucent gate.
  8984 | D:8      | Noticed zenki's ghost (novice VSFi)
  9117 | D:8      | Found Xienek's Antique Armour Boutique.
  9383 | D:9      | Reached ***** piety under Okawaru
  9478 | D:9      | Reached skill level 8 in Bows
  9498 | D:9      | Found an ornate altar of the Wu Jian Council.
  9503 | D:9      | Found a staircase to the Lair.
 10009 | D:9      | Noticed a centaur warrior
 10024 | D:9      | Killed a centaur warrior
 10024 | D:9      | Reached skill level 5 in Staves
 10130 | D:9      | Received a gift from Okawaru
 10276 | D:10     | Entered Level 10 of the Dungeon
 10352 | D:10     | Reached skill level 9 in Bows
 10373 | D:10     | Reached XP level 11. HP: 42/96 MP: 11/11
 10620 | D:10     | Got a spiked chain mail
 10636 | D:10     | Identified the cursed +1 chain mail of Voph {rN+ Int+4
                  | Dex+4} (You found it on level 10 of the Dungeon)
 10788 | D:10     | Reached skill level 1 in Invocations
 11165 | Lair:1   | Entered Level 1 of the Lair of Beasts
 11284 | Lair:1   | Noticed Urug
 11383 | Lair:1   | Paralysed by Urug for 7 turns
 11401 | Lair:1   | Killed Urug
 11726 | Lair:1   | Noticed a four-headed hydra
 11734 | Lair:1   | Killed a four-headed hydra
 11734 | Lair:1   | Reached skill level 10 in Fighting
 12126 | Lair:1   | Reached skill level 10 in Bows
 12479 | Lair:1   | Reached skill level 5 in Invocations
 12565 | Lair:1   | Got a scintillating silver ring
 13102 | Lair:2   | Noticed an eight-headed hydra
 13103 | Lair:2   | Found a staircase to the Swamp.
 13115 | Lair:2   | Received a gift from Okawaru
 13240 | Lair:1   | Killed an eight-headed hydra
 13577 | Lair:2   | Reached XP level 12. HP: 104/106 MP: 16/16
 13606 | Lair:2   | You fall into a shaft and drop 2 floors!
 13757 | Lair:3   | Noticed an eight-headed hydra
 13832 | Lair:4   | Received a gift from Okawaru
 14021 | Lair:3   | Noticed an eight-headed hydra
 14034 | Lair:3   | Killed an eight-headed hydra
 14168 | Lair:2   | Found a staircase to the Snake Pit.
 14224 | Lair:2   | Reached skill level 11 in Bows
 14230 | Lair:2   | Received a gift from Okawaru
 14240 | Lair:2   | Got an encrusted chain mail {god gift}
 14300 | Lair:2   | Identified the +3 chain mail of the Wumpus {+Fly} (Okawaru
                  | gifted it to you on level 2 of the Lair of Beasts)
 14426 | D:8      | Bought a pair of heavily runed gloves for 218 gold pieces
 14431 | D:8      | Identified the cursed +0 pair of gloves "Jytann" {rC++ MR+
                  | rCorr Dex-2} (You bought it in a shop on level 8 of the
                  | Dungeon)
 15085 | Lair:3   | Killed an eight-headed hydra
 15340 | Lair:3   | Found a transporter.
 15470 | Lair:3   | Noticed Yheilu's ghost (journeyman OpCj)
 15472 | Lair:3   | Noticed a death yak
 15559 | Lair:3   | Found a transporter.
 15676 | Lair:3   | Identified the ring "Nueraps" {rElec rN+ MR- MP+9} (You
                  | found it on level 1 of the Lair of Beasts)
 15755 | Lair:3   | Noticed a four-headed hydra
 15764 | Lair:3   | Killed a four-headed hydra
 15974 | Lair:3   | Noticed a five-headed hydra
 16204 | Lair:4   | Noticed a five-headed hydra
 16212 | Lair:4   | Killed a five-headed hydra
 16212 | Lair:4   | Reached skill level 10 in Staves
 16453 | Lair:4   | Identified 2 scrolls of acquirement
 16453 | Lair:4   | Identified the ring "Yvut" {Wiz rC+ Stlth+} (You acquired
                  | it on level 4 of the Lair of Beasts)
 16987 | Lair:5   | Reached XP level 13. HP: 104/115 MP: 19/19
 17002 | Lair:5   | Reached skill level 12 in Bows
 17082 | Lair:5   | Found a viscous altar of Jiyva.
 17083 | Lair:5   | Found a runed translucent door.
 17084 | Lair:5   | Found a staircase to the Slime Pits.
 17773 | Lair:6   | Entered Level 6 of the Lair of Beasts
 17888 | Lair:6   | Received a gift from Okawaru
 18159 | Lair:6   | Paralysed by a hornet for 3 turns
 18494 | Lair:6   | Noticed Josephine
 18579 | Lair:6   | Killed Josephine
 18890 | Lair:6   | Slain by a black mamba

Levels and vault maps discovered:
D:1:      dpeg_arrival_pits, layout_basic
D:2:      layout_basic, first_ration, uniq_robin
D:3:      layout_basic, okawaru_trees_1, lemuel_coloured_pillars_altar,
          nemelex_xobeh_ov_fountains_minmay, serial_glass, glass_columns_a,
          glass_columns_b
D:4:      layout_basic, bloody_trog, lemuel_doored_altar,
          gup_sewer_entry_spiral, st_stairs_8
D:5:      layout_gridville, zin_academy, makhleb_altar_promises_db,
          temple_green, evilmike_ruin_ashenzari
D:6:      layout_loops_cross, serial_shops, nicolae_shop_crystal,
          nicolae_shop_crystal, shop
D:7:      layout_basic, kennysheep_mini_moat, minitemple, uniq_maggie
D:8:      layout_rooms, serial_shops, shop, gammafunk_ghost_necromancy
D:9:      layout_basic, lemuel_crystal_altar, lair_entry_dummy,
          hangedman_fish_farm, grunt_tough_drop
D:10:     layout_cave_pools
D:11:     layout_cross, erik_orc_4, serial_rivers,
          chequers_serial_rivers_small_a, chequers_serial_rivers_large_a,
          chequers_serial_rivers_room_a, chequers_serial_rivers_micro_b,
          serial_park_tiny_pond, st_stairs_8
Temple:   dpeg_three_leaves_temple
Lair:1:   layout_regular_city, uniq_urug
Lair:2:   layout_chaotic_city, minmay_swamp_entry_reptiles,
          minmay_snake_entry_six_corridors, serial_bayou_pond_b,
          cheibrodos_lair_caveside_slide
Lair:3:   layout_cave_pods, gammafunk_ghost_berserking_beasts, st_stairs_3,
          grunt_megastairs_3
Lair:4:   layout_regular_city, serial_bayou_pond_a,
          chequers_serial_rivers_large_b
Lair:5:   layout_long_grid, slime_altar_2
Lair:6:   hangedman_lair_tendril_chambers, layout_hall_layers, uniq_josephine

Skill      XL: |  1  2  3  4  5  6  7  8  9 10 11 12 13 |
---------------+----------------------------------------+-----
Polearms       | 2 3 4 5 7 8 9 |  9.4
Fighting       | 4 5 6 7 8 9 10 11 | 11.8
Bows           | 3 7 9 10 11 12 | 12.7
Staves         | 3 6 8 10 11 | 11.2
Armour         | 3 4 |  4.2
Invocations    | 6 8 |  8.0
Shields        | |  2.1

Action                   |  1- 3 |  4- 6 |  7- 9 | 10-12 | 13-15 || total
-------------------------+-------+-------+-------+-------+-------++-------
Melee: Trident           |   145 |   270 |   339 |       |       ||   754
       Kick              |    27 |    42 |   101 |   160 |    36 ||   366
       Quarterstaff      |       |       |    62 |   655 |   163 ||   880
 Fire: Shortbow          |       |       |    47 |    96 |    83 ||   226
Invok: Heroism           |       |       |       |    10 |     3 ||    13
       Finesse           |       |       |       |     5 |     2 ||     7
 Abil: Evoke Flight      |       |       |       |     1 |       ||     1
  Use: Potion            |     2 |       |       |     1 |       ||     3
       Scroll            |       |     8 |     7 |    12 |     2 ||    29
  Eat: Chunk             |     2 |     7 |    12 |    22 |     6 ||    49
Armor: Scale mail        |    65 |   167 |    10 |       |       ||   242
       Ring mail         |       |       |   147 |   351 |       ||   498
       Chain mail        |       |       |       |   115 |   125 ||   240
       Skin              |       |       |       |     1 |       ||     1
Dodge: Dodged            |    23 |    63 |   105 |   217 |    31 ||   439
Block: Kite shield       |    69 |   124 |    86 |       |       ||   279

Table legend:
 A = Non-vault XP
 B = Vault XP
 C = Vault XP percentage of total XP
 D = Non-vault monster count
 E = Vault monster count
 F = Vault count percentage of total count
                 A         B        C        D         E       F
            +---------+---------+-------+---------+---------+-------
      Total |   40689 |   11058 |  21.4 |     364 |     117 |  24.3
            +---------+---------+-------+---------+---------+-------
        D:1 |      35 |       4 |  10.3 |      19 |       2 |   9.5
        D:2 |      31 |      30 |  49.2 |      10 |      10 |  50.0
        D:3 |     350 |       0 |   0.0 |      27 |       0 |   0.0
        D:4 |     450 |       8 |   1.7 |      25 |       5 |  16.7
        D:5 |     841 |       0 |   0.0 |      20 |       0 |   0.0
        D:6 |    1478 |       0 |   0.0 |      32 |       0 |   0.0
        D:7 |    1195 |     415 |  25.8 |      26 |       1 |   3.7
        D:8 |    1433 |       0 |   0.0 |      36 |       0 |   0.0
        D:9 |    1978 |    1332 |  40.2 |      25 |       5 |  16.7
       D:10 |    2611 |       0 |   0.0 |      22 |       0 |   0.0
       D:11 |      36 |     129 |  78.2 |       1 |       5 |  83.3
     Lair:1 |    5366 |    1781 |  24.9 |      29 |       2 |   6.5
     Lair:2 |    3482 |    1401 |  28.7 |      17 |      15 |  46.9
     Lair:3 |    5803 |    1650 |  22.1 |      18 |       5 |  21.7
     Lair:4 |    4734 |       0 |   0.0 |      20 |       0 |   0.0
     Lair:5 |    4038 |     481 |  10.6 |      15 |       2 |  11.8
     Lair:6 |    6828 |    3463 |  33.7 |      22 |      12 |  35.3
      Sewer |       0 |     364 | 100.0 |       0 |      53 | 100.0
            +---------+---------+-------+---------+---------+-------
